 Dungeon Crawl Stone Soup version 0.24.0-1-gfbc8707122 (webtiles) character file.

Game seed: 354824991702142939, levelgen mode: deterministic

46 Oravi the Cutter (level 3, 0/28 HPs)
             Began as a Demonspawn Gladiator on Oct 28, 2019.
             Slain by a water moccasin zombie (6 damage)
             ... on level 3 of the Dungeon.
             The game lasted 00:04:06 (1941 turns).

Oravi the Cutter (Demonspawn Gladiator)             Turns: 1941, Time: 00:04:06

Health: 0/28       AC:  7    Str: 14    XL:     3   Next: 44%
Magic:  3/3        EV: 11    Int: 16    God:
Gold:   134        SH:  0    Dex: 14    Spells: 2/2 levels left

rFire    . . .     SeeInvis .   a - +0 rapier
rCold    . . .     Gourm    .   (no shield)
rNeg     . . .     Faith    .   r - +0 ring mail
rPois    .         Spirit   .   c - +0 helmet
rElec    .         Reflect  .   (no cloak)
rCorr    .         Harm     .   i - +0 pair of gloves
MR       .....                  (no boots)
Stlth    +.........             (no amulet)
HPRegen  0.09/turn              e - +6 ring of intelligence
MPRegen  0.08/turn              (no ring)

@: no status effects
A: powered by pain 1
a: no special abilities


You were on level 3 of the Dungeon.
You were not hungry.

You visited 1 branch of the dungeon, and saw 3 of its levels.

You collected 134 gold pieces.

Inventory:

Hand Weapons
 a - a +0 rapier (weapon)
Missiles
 d - a throwing net (quivered) {!f}
 m - 28 stones
 q - 8 poisoned darts
Armour
 b - a +0 leather armour
 c - a +0 helmet (worn)
 i - a +0 pair of gloves (worn)
 r - a +0 ring mail (worn)
Jewellery
 e - a +6 ring of intelligence (left hand)
Scrolls
 g - a scroll of noise {unknown}
 h - a scroll of blinking {unknown}
 k - a scroll of amnesia {unknown}
Potions
 j - 2 potions of brilliance {unknown}
 l - a potion of heal wounds {unknown}
 n - a potion of ambrosia {unknown}
 o - a potion of agility {unknown}
 p - a potion of haste {unknown}
Comestibles
 f - 5 rations


   Skills:
 + Level 2.5 Fighting
 * Level 3.4 Short Blades
 - Level 1.8 Throwing
 + Level 0.0 Armour
 - Level 2.8 Dodging
 + Level 1.2 Stealth


You had 2 spell levels left.
You didn't know any spells.
Your spell library was empty.

Dungeon Overview and Level Annotations

Branches:
Dungeon (3/15)

Altars:
Cheibriados
Dithmenos


Innate Abilities, Weirdness & Mutations

You sometimes gain a little power by taking damage.


Message History

The water moccasin zombie is severely damaged.
The water moccasin zombie struggles against the net.
The net rips apart, and the water moccasin zombie comes free!
You hit the water moccasin zombie.
The water moccasin zombie is severely damaged.
The water moccasin zombie misses you. The water moccasin zombie bites you.
* * * LOW HITPOINT WARNING * * *
You hit the water moccasin zombie.
The water moccasin zombie is almost destroyed.
The water moccasin zombie bites you but does no damage.
You hit the water moccasin zombie.
The water moccasin zombie is almost destroyed.
The water moccasin zombie misses you.
Throwing (i - inventory. (/) - cycle)
d - 2 throwing nets (quivered)
{!f}
Aim: a water moccasin zombie (almost destroyed) Really fire
d - 2 throwing nets {!f}?
You throw a throwing net {!f}.
The throwing net {!f} closely misses the water moccasin zombie.
The water moccasin zombie bites you.
You die... .# .# .# .# .# .# ##.#######Z# .......<)@.# ##.#########

You could see a water moccasin zombie.

Vanquished Creatures
  2 adders (D:2)
  A dart slug (D:2)
  A leopard gecko (D:2)
  7 goblins
  A hobgoblin (D:2)
  3 kobolds
  7 bats
  3 frilled lizards
  A rat (D:1)
  A plant (D:1)
27 creatures vanquished.

Notes
Turn   | Place    | Note
-------+----------+-------------------------------------------
     0 | D:1      | Oravi the Demonspawn Gladiator began the quest for the Orb.
     0 | D:1      | Reached XP level 1. HP: 16/16 MP: 1/1
   689 | D:1      | Found a snail-covered altar of Cheibriados.
   714 | D:1      | Gained mutation: You sometimes gain a little power by
                  | taking damage. [demonic ancestry]
   714 | D:1      | Reached XP level 2. HP: 22/22 MP: 2/2
  1112 | D:2      | Reached skill level 3 in Short Blades
  1414 | D:2      | Reached skill level 1 in Stealth
  1497 | D:2      | Reached XP level 3. HP: 28/28 MP: 3/3
  1571 | D:2      | Found a shadowy altar of Dithmenos.
  1941 | D:3      | Slain by a water moccasin zombie

Levels and vault maps discovered:
D:1:      saegor_arrival_simple_a, layout_loops_corners, serial_forest,
          infiniplex_forest_clump_double, infiniplex_forest_lined_corner,
          infiniplex_forest_lined_1, infiniplex_forest_clump_double,
          infiniplex_forest_zigzag_1, infiniplex_forest_lined_2,
          infiniplex_forest_clump_C, cheibriados_altar_1
D:2:      layout_rooms, overflow_temple_1_default
D:3:      layout_loops_corners, gammafunk_temple_overflow_arena, first_ration,
          ebering_ghost_sewer_f, uniq_natasha

Skill      XL: |  1  2 |
---------------+-------+-----
Short Blades   | 3 |  3.4
Stealth        | 1 |  1.2
Fighting       | |  2.5
Throwing       | |  1.8
Dodging        | |  2.8

Action                   || total
-------------------------++-------
Melee: Rapier            ||   112
Throw: Throwing net      ||     2
 Stab: Sleeping          ||     2
  Eat: Chunk             ||     3
Armor: Leather armour    ||    16
       Ring mail         ||     2
Dodge: Dodged            ||    47
